Arrhythmia, chaotic female vampiric Convict ---------- ##############################[############ |........| # # ###########-....<...| ### # # # # |........| # # # #a# ---------- ### ### # @ 0########## # ## ### ### # # # ..## ###0 ... # --- ### # ### # ------ ### |....| # |..^.-## ------ Arrhythmia the Jail-bird Experience level: 7 Strength: 17 Dexterity: 13 Constitution: 20 Intelligence: 10 Wisdom: 10 Charisma: 6 Health: 0(74) Energy: 51(51) AC: 6 Gold: 329 Moves: 2281 Your Inventory: Coins $ - 329 gold pieces Weapons x - an [uncursed +0] broad pick [dwarvish mattock] Armor b - a cursed +0 striped shirt (being worn) o - an [uncursed] +0 hard hat [dwarvish iron helm] (being worn) p - an [uncursed] +0 pair of hard shoes [iron] (being worn) q - an [uncursed] +0 hooded cloak [dwarvish] (being worn) Comestibles e - 2 [uncursed] Hot Futa Mare Dicks named Double lucky charn Scrolls f - a [cursed] unlabeled scroll [of blank paper] g - an [uncursed] scroll labeled PRATYAVAYAH [of light] A - a [blessed] unlabeled scroll [of blank paper] B - an [uncursed] unlabeled scroll [of blank paper] Potions i - an [uncursed] golden potion [of monster detection] l - an [uncursed] potion called acid [of acid] n - a [blessed] fizzy potion [of invisibility] E - an [uncursed] orange potion [of gain ability] Rings h - an [uncursed] ring of stealth Wands d - an [uncursed] wand of fire [0:7] m - an [uncursed] wand called Tele [of teleportation (0:6)] r - an [uncursed] wand called Tele [of teleportation (0:8)] v - an [uncursed] wand of digging [0:3] y - an [uncursed] wand called Make invis [of make invisible (0:1)] Tools t - 2 [uncursed] partly used [wax] candles w - an [uncursed] towel C - an [uncursed] tin opener D - an [uncursed] blindfold Iron balls c - an [uncursed] heavy iron ball (chained to you) (weapon in hand) Spells known in the end: Name Level Category Fail Memory a - invisibility 4 escape 100% [||||||||] Your skills at the end: Fighting Skills Weapon Skills sling [Basic / Skilled] Spellcasting Skills Final Attributes: You were piously aligned. Hunger level was 489. Your alignment was 21 / 21. Monster difficulty range was 1 - 6. Level difficulty was 6. You were immune to poison. You were immune to level-drain. You were immune to sickness. You were punished. You could fly. You could survive without air. You regenerated. Your luck was zero. You are dead. Vanquished creatures: a werewolf a dingo a fire ant a rock piercer a yellow light 3 gnome lords 2 gnomish wizards a paper golem a giant ant 2 little dogs 5 dwarves a kobold lord 4 hill orcs a rabid rat a giant bat 3 hobbits a giant rat 25 gnomes a gnome zombie 2 geckos 3 grid bugs 4 lichens 3 kobold zombies 5 newts 73 creatures vanquished. Voluntary challenges: You went without food. You never hit with a wielded weapon. You read items or engraved 9 times. You put on armor 4 times. You never genocided any monsters. You never polymorphed an object. You never changed form. You used no wishes. You abstained from Elbereth's help. You never encountered a bones level. You never used any Sokoban shortcuts. Dungeon overview: The Dungeons of Doom: levels 1 to 3 Level 1 a long staircase Level 2 a fountain Level 3 stairs to The Gnomish Mines The Gnomish Mines: levels 4 to 6 Level 4 stairs to The Dungeons of Doom Level 6 <- You were here History has recorded: On T:1 you entered the Dungeons of Doom to retrieve the Amulet of Yendor! On T:220 you reached level 2 of The Dungeons of Doom. On T:273 you advanced to experience level 2. On T:791 you advanced to experience level 3. On T:909 you reached level 3 of The Dungeons of Doom. On T:933 you reached level 1 of The Gnomish Mines. On T:938 you advanced to experience level 4. On T:1043 you advanced to experience level 5. On T:1390 you advanced to experience level 6. On T:1487 you reached level 2 of The Gnomish Mines. On T:1640 you advanced to experience level 7. On T:1982 you reached level 3 of The Gnomish Mines. Latest messages: [HP+1=47] [HP+1=48] You miss the fire ant. (2x) The fire ant bites! (2x) [HP-3=45] You miss the fire ant. (2x) The fire ant bites! (2x) You're on fire! One of your unlabeled scrolls catches fire and burns! One of your scrolls labeled PRATYAVAYAH catches fire and burns! Your scroll labeled YUM YUM catches fire and burns! One of your unlabeled scrolls catches fire and burns! The fire ant bites! (2x) [HP-20=25] You miss the fire ant. (2x) The fire ant bites! (2x) You're on fire! [HP-12=13] You hit the fire ant! You miss the fire ant. The fire ant bites! (4x) You're on fire! You die... Final status: Goodbye Arrhythmia the Convict... You died in The Gnomish Mines on dungeon level 6 with 2783 points, and 329 pieces of gold, after 2281 moves. You were level 7 with a maximum of 74 hit points when you died.